 Dungeon Crawl Stone Soup version 0.20.0-8-g6b59dc7 (webtiles) character file.

147 Ketharn the Insei (level 4, -3/35 HPs)
             Began as a Demigod Transmuter on May 30, 2017.
             Slain by a kobold
             ... wielding a cursed -1 whip
              (4 damage)
             ... in a sewer.
             The game lasted 00:16:46 (2495 turns).

Ketharn the Insei (Demigod Transmuter)              Turns: 2495, Time: 00:16:47

Health: -3/35      AC:  2    Str: 15    XL:     4   Next: 81%
Magic:  11/11      EV: 13    Int: 17    God:
Gold:   45         SH:  0    Dex: 16    Spells: 1/8 levels left

rFire    . . .     SeeInvis .   e - +0 flail (protect)
rCold    . . .     Gourm    .   (no shield)
rNeg     . . .     Faith    .   b - +0 robe
rPois    .         Spirit   .   (no helmet)
rElec    .         Reflect  .   (no cloak)
rCorr    .         Harm     .   (no gloves)
MR       .....                  (no boots)
Stlth    +.........             m - amulet of regeneration
Regen    0.6/turn               (no ring)
MPRegen  0.2/turn               (no ring)

@: lethally poisoned (-3 -> -4), very slow
A: high mp 1
a: no special abilities


You were in a sewer.
You were very hungry.

You visited 1 branch of the dungeon, and saw 3 of its levels.
You also visited: Sewer.

You collected 45 gold pieces.

Inventory:

Hand Weapons
 e - a +0 flail of protection (weapon)
 h - a +0 dagger
 i - a -3 club
Missiles
 a - 43 arrows
Armour
 b - a +0 robe (worn)
Jewellery
 m - an amulet of regeneration (around neck)
Scrolls
 d - 2 scrolls of recharging {unknown}
 l - a scroll of immolation {unknown}
 n - 2 scrolls of identify {unknown}
 p - 2 scrolls of remove curse
 q - a scroll of magic mapping {unknown}
Potions
 f - a potion of flight {unknown}
 g - a potion of magic {unknown}
 j - 2 potions of curing {unknown}
 k - a potion of mutation {unknown}
 o - a potion of invisibility {unknown}
 r - a potion of heal wounds {unknown}
 t - a potion of lignification {unknown}
Books
 c - a book of Changes

   Spells                             Type                      Level
   a - Beastly Appendage              Transmutation                1
   b - Sticks to Snakes               Transmutation                2
   c - Spider Form                    Transmutation/Poison         3
   d - Ice Form                       Ice/Transmutation            4
   e - Blade Hands                    Transmutation                5


   Skills:
 + Level 1.5 Fighting
 + Level 0.8 Maces & Flails
 + Level 0.3 Armour
 + Level 2.5 Dodging
 + Level 0.6 Stealth
 + Level 3.0 Unarmed Combat
 + Level 2.9 Spellcasting
 + Level 2.4 Transmutations
 + Level 0.1 Ice Magic


You had one spell level left.
You knew the following spells:

 Your Spells              Type           Power        Failure   Level  Hunger
a - Beastly Appendage     Tmut           ##....       7%          1    #......
b - Sticks to Snakes      Tmut           ##......     10%         2    ##.....
c - Ice Form              Ice/Tmut       #.......     71%         4    #####..


Dungeon Overview and Level Annotations

Branches:
Dungeon (3/15)

Annotations:
D:2 Natasha


Innate Abilities, Weirdness & Mutations

You have an increased reservoir of magic. (+10% MP)


Message History

* * * LOW HITPOINT WARNING * * *
You feel sick. The adder bites you but does no damage.
The adder barely misses you.
You hit the adder but do no damage.
The adder is severely wounded.
* * * LOW HITPOINT WARNING * * *
You feel sick. The adder misses you.
The kobold splashes around in the water.
The adder bites you but does no damage.
You closely miss the adder.
The adder is severely wounded.
* * * LOW HITPOINT WARNING * * *
You feel sick. The adder closely misses you. The kobold misses you.
The adder bites you but does no damage. The kobold hits you but does no damage.
You miss the adder.
The adder is severely wounded.
* * * LOW HITPOINT WARNING * * *
You feel sick. The adder bites you but does no damage.
The kobold hits you with an enchanted whip.
You die...

#..≈.≈PP≈≈≈≈≈≈≈≈≈†≈≈.P
#.≈.≈≈≈.############.≈
#.≈≈≈≈.≈)≈≈≈≈≈≈≈≈≈≈≈≈.
##≈≈...≈..≈≈≈≈≈≈≈≈≈≈..
##≈..P≈.≈≈≈≈≈≈≈≈≈.≈≈.
###≈#≈≈≈≈≈≈≈≈≈≈≈≈≈.†
#≈#.#..≈≈≈≈≈≈≈≈≈≈≈
#S###..≈≈≈≈≈≈≈≈≈≈≈ #@#
###≈≈≈≈≈≈≈≈≈≈ #K#
≈≈≈≈≈≈≈≈ #≈# ≈≈≈≈≈≈≈≈


PP. ≈≈≈≈≈≈≈≈ ≈.. #≈≈≈≈≈≈≈ ≈?≈.. ≈..≈. ##.#.## You could see an adder and a
kobold.

Vanquished Creatures
  A bullfrog (D:3)
  2 adders (D:2)
  A worm (D:3)
  2 dart slugs
  A leopard gecko (D:3)
  An orc (D:3)
  6 ball pythons
  3 giant cockroaches
  4 goblins (D:1)
  7 hobgoblins
  10 kobolds
  A quokka (D:2)
  3 bats (D:1)
  7 frilled lizards
  4 rats
  5 plants (Sewer)
58 creatures vanquished.

Vanquished Creatures (collateral kills)
  An adder (D:3)
  2 orcs (D:3)
  A goblin (D:2)
  2 jackals (Sewer)
  2 bats
  3 frilled lizards
  2 kobolds
  A rat (D:2)
14 creatures vanquished.

Vanquished Creatures (others)
  A plant (Sewer)
1 creature vanquished.

Grand Total: 73 creatures vanquished

Notes
Turn   | Place    | Note
-------+----------+-------------------------------------------
     0 | D:1      | Ketharn the Demigod Transmuter began the quest for the Orb.
     0 | D:1      | Reached XP level 1. HP: 15/15 MP: 5/5
   352 | D:1      | Reached XP level 2. HP: 19/22 MP: 7/7
   434 | D:1      | Reached skill level 3 in Unarmed Combat
  1119 | D:2      | Learned a level 2 spell: Sticks to Snakes
  1148 | D:2      | Reached skill level 1 in Fighting
  1148 | D:2      | Reached XP level 3. HP: 6/28 MP: 9/9
  1541 | D:2      | Noticed Natasha
  1638 | D:3      | Found a glowing drain.
  1799 | D:3      | Noticed a bullfrog
  1808 | D:3      | Killed a bullfrog
  1808 | D:3      | Reached XP level 4. HP: 27/35 MP: 4/11
  1823 | D:3      | Learned a level 4 spell: Ice Form
  2116 | Sewer    | Entered a sewer
  2495 | Sewer    | HP: 1/35 [poisoned by an adder]
  2495 | Sewer    | Slain by a kobold

Skill      XL: |  1  2  3 |
---------------+----------+-----
Spellcasting   | 2 |  2.9
Unarmed Combat | 3 |  3.0
Dodging        | 2 |  2.5
Fighting       | 1 |  1.5
Transmutations | 2 |  2.4
Maces & Flails | |  0.8
Armour         | |  0.3
Stealth        | |  0.6
Ice Magic      | |  0.1

Action                   |  1- 3 |  4- 6 || total
-------------------------+-------+-------++-------
Melee: Club              |   217 |       ||   217
       Unarmed           |    14 |    26 ||    40
       Dagger            |    50 |       ||    50
       Headbutt          |     8 |       ||     8
       Kick              |    24 |       ||    24
       Punch             |     4 |     4 ||     8
       Flail             |     9 |   166 ||   175
 Cast: Beastly Appendage |    33 |     1 ||    34
       Sticks to Snakes  |    10 |     1 ||    11
       Ice Form          |       |     3 ||     3
  Use: Scroll            |     2 |       ||     2
 Stab: Distracted        |     1 |       ||     1
       Sleeping          |     1 |       ||     1
  Eat: Bread ration      |     1 |       ||     1
       Fruit             |     3 |     2 ||     5
Armor: Ring mail         |    94 |       ||    94
       Robe              |    32 |    13 ||    45
       Skin              |       |     1 ||     1
Dodge: Dodged            |   275 |    74 ||   349
